 Dungeon Crawl Stone Soup version 0.28-a0-1567-g1695149f81 (webtiles) character file.

Game seed: 10247087888749631909

410 zazu2006 the Magician (level 6, 0/50 HPs)
             Began as a Naga Hedge Wizard on Jan 20, 2022.
             Slain by an iguana (6 damage)
             ... on level 5 of the Dungeon.
             The game lasted 00:10:41 (5864 turns).

zazu2006 the Magician (Naga Hedge Wizard)           Turns: 5864, Time: 00:10:42

Health: 0/50       AC:  6    Str: 11 (13) XL:     6   Next: 89%
Magic:  7/13       EV:  9    Int: 14 (16) God:
Gold:   125        SH:  0    Dex:  9 (10) Spells: 5/14 levels left

rFire   . . .      SeeInvis +   a - +0 dagger
rCold   . . .      Faith    .   (no shield)
rNeg    . . .      Spirit   .   n - +0 leather armour
rPois   +          Reflect  .   t - +1 helmet
rElec   .          Harm     .   c - +0 cloak
rCorr   .          Rampage  .   (no gloves)
Will    .....                   (no barding)
Stlth   ++........              (no amulet)
HPRegen 0.16/turn               (no ring)
MPRegen 0.13/turn               (no ring)

@: very slow
A: AC +2, large, see invisible, deformed body, poison resistance, slowness 2,
spit poison 1, naga tail 1
a: Spit Poison


You were on level 5 of the Dungeon.
You visited 1 branch of the dungeon, and saw 5 of its levels.
You also visited: Sewer.

You collected 125 gold pieces.

Inventory:

Hand Weapons
 a - a +0 dagger (weapon)
Armour
 c - a +0 cloak (worn)
 l - a +2 tower shield
 n - a +0 leather armour (worn)
 t - a +1 helmet (worn)
Wands
 d - a wand of digging (6)
Scrolls
 b - 4 scrolls of blinking {unknown}
 e - a scroll of enchant armour {unknown}
 g - a scroll of teleportation {unknown}
 i - 2 scrolls of brand weapon {unknown}
 o - a scroll of amnesia {unknown}
 p - a scroll of identify
Potions
 f - a potion of curing
 h - a potion of cancellation {unknown}
 j - a potion of resistance
 k - 2 potions of heal wounds
 m - 2 potions of invisibility {unknown}
 q - a potion of haste {unknown}
 r - a potion of mutation {unknown}


   Skills:
 + Level 0.3 Fighting
 - Level 1.1 Short Blades
 + Level 1.6 Armour
 + Level 1.8 Dodging
 + Level 3.9 Stealth
 + Level 4.9 Spellcasting
 + Level 2.7 Conjurations
 + Level 1.1 Summonings
 + Level 1.0 Translocations
 * Level 3.3 Poison Magic


You had 5 spell levels left.
You knew the following spells:

 Your Spells              Type           Power      Damage    Failure   Level
a - Magic Dart            Conj           44%        1d5       8%          1
b - Mephitic Cloud        Conj/Pois/Air  9%         N/A       30%         3
c - Conjure Flame         Conj/Fire      7%         6-21      36%         3
d - Blink                 Tloc           12%        N/A       24%         2

Your spell library contained the following spells:

 Spells                   Type           Power      Damage    Failure   Level
 Call Imp                 Summ           6%         N/A       22%         2
 Slow                     Hex            12%        N/A       24%         1
 Gell's Gravitas          Tloc           6%         N/A       43%         3
 Lesser Beckoning         Tloc           6%         N/A       43%         3
 Teleport Other           Tloc           6%         N/A       43%         3
 Summon Guardian Golem    Hex/Summ       5%         N/A       50%         3
 Orb of Destruction       Conj           5%         9d5       100%        7
 Spellforged Servitor     Conj/Summ      4%         N/A       100%        7


Dungeon Overview and Level Annotations

Branches:
Dungeon (5/15)              Sewer (visited)
 Temple: D:4-7

Altars:
Elyvilon
Qazlal


Innate Abilities, Weirdness & Mutations

Your serpentine skin is tough. (AC +2)
You have supernaturally acute eyesight. (SInv)
Armour fits poorly on your strangely shaped body.
Your system is resistant to poisons. (rPois)
You cover ground very slowly.
You can spit poison.
You have a snake-like lower body.


Message History

The orc hits you but does no damage.
Unknown command.
Casting: Blink (dangerous; 24% risk of failure)
Confirm with . or Enter, or press ? or * to list all spells.
Aiming: Mephitic Cloud (dangerous; 30% risk of failure)
Press: ? - help, Shift-Dir - straight line, f - orc, p - orc
Aim: an orc, wielding a +0 club (moderately wounded, chance to affect: 96%)
The ball explodes into a vile cloud!
The stinking cloud engulfs the orc but does no damage.
The orc is moderately wounded.
The stinking cloud engulfs you but does no damage.
The stinking cloud engulfs the centaur zombie but does no damage.
The stinking cloud engulfs the iguana but does no damage.
The stinking cloud engulfs the orc but does no damage.
The stinking cloud engulfs the iguana but does no damage.
The stinking cloud engulfs the orc but does no damage.
The iguana is engulfed in noxious fumes.
The iguana appears confused.
The iguana completely misses you.
The orc is engulfed in noxious fumes.
The orc appears confused.
The orc closely misses the orc.
The orc barely misses itself.
The orc is engulfed in noxious fumes.
The orc appears confused.
The orc completely misses the iguana.
The orc is engulfed in noxious fumes.
The orc appears confused.
The orc hits you with a +0 flail!
Unknown command.
The iguana is engulfed in noxious fumes.
The iguana appears confused.
The orc is engulfed in noxious fumes.
The orc appears confused.
The iguana is engulfed in noxious fumes.
The iguana appears confused.
The iguana bites the centaur zombie but does no damage.
You feel stable enough to blink again.
You feel a bit more experienced.
The centaur zombie hits you but does no damage.
The centaur zombie completely misses you.
The iguana bites you!
* * * LOW HITPOINT WARNING * * *
The iguana hisses menacingly.
The iguana bites you but does no damage.
The iguana bites you.
You die...

..)..................## #
......#..(...##.....## .#
......#.###########.###.#.
......#.>.................
........Z.................
......#.###........$......
..........................
.........###....o..##....#
.........@ls.Z...........#
##...#...##...#..)......##
#.......##$.##ls..##...#
...###...##..#...###....#
.## #..................#
#.................##
..................
###.#.........)....
......#...........


You could see a scorpion, an iguana, an orc (confused) and a centaur zombie.

Vanquished Creatures
  A scorpion (D:4)
  A hound (D:4)
  Crazy Yiuf (D:4)
  4 gnolls (D:2)
  7 adders
  4 river rats (Sewer)
  An ufetubus (D:4)
  2 worms
  A dart slug (D:1)
  13 orcs
  5 bats
  5 endoplasms
  7 giant cockroaches
  8 goblins
  10 hobgoblins
  2 jackals (D:3)
  21 kobolds
  2 quokkas (D:4)
  13 ball pythons
  6 frilled lizards
  26 rats
140 creatures vanquished.

Notes
Turn   | Place    | Note
-------+----------+-------------------------------------------
     0 | D:1      | zazu2006 the Naga Hedge Wizard began the quest for the Orb.
     0 | D:1      | Reached XP level 1. HP: 15/15 MP: 4/4
   220 | D:1      | Reached XP level 2. HP: 20/22 MP: 0/6
   702 | D:1      | Found a faded altar of an unknown god.
  1023 | D:2      | Reached XP level 3. HP: 28/28 MP: 5/8
  1027 | D:2      | Learned a level 3 spell: Mephitic Cloud
  1032 | D:2      | Learned a level 3 spell: Conjure Flame
  1035 | D:2      | Learned a level 2 spell: Blink
  1151 | D:2      | Reached skill level 4 in Spellcasting
  1702 | D:2      | Reached skill level 1 in Poison Magic
  1702 | D:2      | Reached XP level 4. HP: 36/36 MP: 3/10
  2956 | D:3      | Reached XP level 5. HP: 42/42 MP: 5/11
  3283 | D:3      | Found a white marble altar of Elyvilon.
  3663 | D:4      | Reached skill level 1 in Armour
  3663 | D:4      | Reached XP level 6. HP: 42/49 MP: 13/13
  3730 | D:4      | Found a glowing drain.
  3765 | Sewer    | Entered a sewer
  4857 | Sewer    | Reached skill level 1 in Short Blades
  5646 | D:4      | Found a runed translucent door.
  5647 | D:4      | Noticed Crazy Yiuf
  5662 | D:4      | Killed Crazy Yiuf
  5758 | D:5      | Entered Level 5 of the Dungeon
  5772 | D:5      | Identified the +1 chain mail of Pan-Flutes {Will+ rCorr
                  | Slay+3 Stlth+}
  5824 | D:5      | Found a stormy altar of Qazlal.
  5856 | D:5      | HP: 2/50 [orc (4)]
  5864 | D:5      | Slain by an iguana

Illustrated notes

Levels and vault maps discovered:
D:1:      dpeg_arrival_arbitrary_c, layout_loops_ring, basic_ecumenical_altar,
          grunt_decor_mini_mirrors, minmay_heptomino_h4
D:2:      layout_loops_ring
D:3:      layout_basic, general_overflow_altar
D:4:      layout_rooms, portal_sewer_entry_b, uniq_crazy_yiuf_cottage
D:5:      layout_rooms, mainiacjoe_overflow_tiny_flanked, lemuel_crystal_altar,
          serial_shops, nicolae_diamond_shop

Skill      XL: |  1  2  3  4  5  6 |
---------------+-------------------+-----
Spellcasting   | 4 |  4.9
Poison Magic   | 1 2 3 |  3.3
Conjurations   | 2 |  2.7
Armour         | 1 |  1.6
Short Blades   | 1 |  1.1
Fighting       | |  0.3
Dodging        | |  1.8
Stealth        | |  3.9
Summonings     | |  1.1
Translocations | |  1.0

Action                   |  1- 3 |  4- 6 || total
-------------------------+-------+-------++-------
Melee: Dagger            |     6 |    92 ||    98
       Punch             |       |     2 ||     2
 Cast: Magic Dart        |    83 |   238 ||   321
       Mephitic Cloud    |       |     6 ||     6
       Blink             |       |     1 ||     1
 Abil: Spit Poison       |     7 |    23 ||    30
  Use: Potion            |       |     8 ||     8
       Scroll            |       |     2 ||     2
 Stab: Confused          |       |     4 ||     4
Armor: Robe              |     5 |     2 ||     7
       Skin              |       |    71 ||    71
       Leather armour    |       |    38 ||    38
Dodge: Dodged            |     5 |    80 ||    85

Table legend: (Time is in decaauts)
 A = Elapsed time spent in this place.
 B = Non-inter-level travel time spent in this place.
 C = Inter-level travel time spent in this place.
 D = Time resting spent in this place.
 E = Time spent auto-exploring this place.
 F = Levels seen in this place.
 G = Mean time per level.
                   A        B        C        D        E       F      G
               +--------+--------+--------+--------+--------+-----+--------+
         Total |   6864 |   6671 |    193 |      0 |   5561 |   6 | 1144.0 |
       Dungeon |   5138 |   4945 |    193 |      0 |   4046 |   5 | 1027.6 |
         Sewer |   1726 |   1726 |      0 |      0 |   1515 |   1 | 1726.0 |
               +--------+--------+--------+--------+--------+-----+--------+

Top non-repeatable levels by time:
     D:2: 1775 daAuts
   Sewer: 1726 daAuts
     D:3: 1186 daAuts
     D:1: 1184 daAuts
     D:4: 868 daAuts
     D:5: 123 daAuts
